 Dungeon Crawl Stone Soup version 0.19.0-2-gae57169 (webtiles) character file.

1765 Gravenous the Poker (level 9, -1/68 HPs)
             Began as a Human Necromancer on Nov 5, 2016.
             Slain by lorenzova's ghost (10 damage)
             ... on level 6 of the Dungeon.
             The game lasted 00:18:08 (7804 turns).

Gravenous the Poker (Human Necromancer)             Turns: 7804, Time: 00:18:09

Health: -1/68      AC:  5    Str:  8    XL:     9   Next: 28%
Magic:  22/22      EV: 12    Int: 19    God:
Gold:   146        SH:  0    Dex: 14    Spells: 4 memorised, 5 levels left

rFire  + . .     SeeInvis .     q - +0 trident
rCold  . . .     Gourm    .     A - +0 ring mail
rNeg   . . .     Faith    .     (no shield)
rPois  .         Spirit   .     (no helmet)
rElec  .         Reflect  .     (no cloak)
rCorr  .         Harm     .     (no gloves)
MR     .....                    (no boots)
Stlth  ++........               (no amulet)
                                v - ring of protection from fire
                                y - ring of magical power

@: no status effects
A: no striking features
a: no special abilities


You were on level 6 of the Dungeon.
You were hungry.

You visited 1 branch of the dungeon, and saw 7 of its levels.

You collected 146 gold pieces.

Inventory:

Hand Weapons
 l - a +1 hunting sling of velocity
 q - a +0 trident (weapon)
 s - a +0 dagger of draining
Missiles
 o - 138 stones (quivered)
Armour
 a - a +0 robe
 n - a +0 scale mail
 A - a +0 ring mail (worn)
Jewellery
 f - an uncursed ring of positive energy
 g - an uncursed amulet of harm
 v - a ring of protection from fire (right hand)
 y - a ring of magical power (left hand)
 z - an uncursed ring of see invisible
Wands
 D - a wand of iceblast (6/15)
Scrolls
 e - a scroll of remove curse
 i - a scroll of enchant armour {unknown}
 m - 2 scrolls of teleportation
 r - a scroll of amnesia
Potions
 h - a potion of curing
 C - a potion of cancellation
Books
 b - a book of Necromancy

   Spells                             Type                      Level
   a - Pain                           Necromancy                   1
   b - Animate Skeleton               Necromancy                   1
   c - Vampiric Draining              Necromancy                   3
   d - Regeneration                   Charms/Necromancy            3
   e - Animate Dead                   Necromancy                   4
   f - Control Undead                 Necromancy                   4
Comestibles
 c - 4 bread rations
 d - a slice of pizza
 p - 4 fruits
 t - 5 meat rations
 u - 2 chunks of flesh
 x - a royal jelly


   Skills:
 + Level 5.3 Fighting
 * Level 6.2 Polearms
 + Level 5.3 Dodging
 - Level 3.6 Stealth
 - Level 2.8 Spellcasting
 - Level 5.9 Necromancy


You had 5 spell levels left.
You knew the following spells:

 Your Spells              Type           Power        Failure   Level  Hunger
a - Pain                  Necr           ####         4%          1    None
b - Animate Skeleton      Necr           N/A          4%          1    None
c - Vampiric Draining     Necr           ####......   14%         3    ###....
d - Regeneration          Chrm/Necr      ##........   45%         3    ###....


Dungeon Overview and Level Annotations

Branches:
Dungeon (7/15)
 Temple: D:4-7

Altars:
Gozag
Hepliaklqana
Trog
The Shining One

Shops:
D:6 :

Annotations:
D:4 Xiguana's ghost, amateur HESk
D:5 1 runed door
D:6 lorenzova's ghost, novice MiBe


Message History

Lorenzova's ghost is severely damaged.
Lorenzova's ghost completely misses you.
You closely miss lorenzova's ghost.
Lorenzova's ghost is severely damaged.
Lorenzova's ghost hits you.
* * * LOW HITPOINT WARNING * * *
Lorenzova's ghost freezes you.
* * * LOW HITPOINT WARNING * * *
You hit lorenzova's ghost but do no damage.
Lorenzova's ghost is severely damaged.
Lorenzova's ghost hits you.
* * * LOW HITPOINT WARNING * * *
Lorenzova's ghost freezes you.
* * * LOW HITPOINT WARNING * * *
You barely miss lorenzova's ghost.
Lorenzova's ghost is severely damaged.
Lorenzova's ghost closely misses you.
Unknown command.
You feel better. Lorenzova's ghost hits you!
You die...

#########
#.......#########
####.#####.....W@..#
.)...##....>#.####.#
###.....##.#.## #.#
##.#####.#.### #.#
#.#####.#...# #.#
#.......###.# #.#
##########.# #.# #.#
...# #.###.###.#
##.#**** #.........#


You could see lorenzova's ghost.

Vanquished Creatures
  Pikel (D:5)
  An ice beast (D:6)
  2 sky beasts (D:6)
  A necrophage (D:6)
  2 ogres
  A centaur (D:6)
  A scorpion (D:5)
  A crimson imp (D:5)
  A bullfrog zombie (D:6)
  2 orc priests
  A hound (D:4)
  A jelly (D:5)
  3 orc wizards
  3 iguanas
  3 worker ants
  A killer bee zombie (D:7)
  A hound zombie (D:5)
  A worker ant zombie (D:5)
  3 gnolls (D:5)
  6 adders
  A howler monkey skeleton (D:6)
  3 dart slugs
  7 leopard geckos
  14 orcs
  7 bats
  3 giant cockroaches
  8 goblins
  8 hobgoblins
  14 jackals
  4 quokkas
  2 ball pythons
  14 frilled lizards
  A jackal zombie (D:5)
  4 kobolds
  A quokka skeleton (D:6)
  10 rats
137 creatures vanquished.

Vanquished Creatures (collateral kills)
  A shadow imp (D:5)
  A quokka (D:5)
2 creatures vanquished.

Vanquished Creatures (others)
  2 slaves (D:6)
  A hound (D:6)
  An orc wizard (D:5)
  An orc priest (D:6)
  An adder (D:6)
  An ooze (D:6)
  An adder skeleton (D:6)
  A leopard gecko (D:6)
  A quokka (D:6)
  A frilled lizard (D:6)
  A plant (D:6)
12 creatures vanquished.

Grand Total: 151 creatures vanquished

Notes
Turn   | Place    | Note
-------+----------+-------------------------------------------
     0 | D:1      | Gravenous the Human Necromancer began the quest for the Orb.
     0 | D:1      | Reached XP level 1. HP: 13/13 MP: 3/3
   208 | D:1      | Reached XP level 2. HP: 18/19 MP: 1/5
   676 | D:1      | Reached XP level 3. HP: 24/24 MP: 6/6
   679 | D:1      | Learned a level 1 spell: Animate Skeleton
   683 | D:1      | Learned a level 3 spell: Vampiric Draining
  1473 | D:2      | Reached XP level 4. HP: 10/30 MP: 1/8
  1710 | D:2      | Found a hazy altar of Hepliaklqana.
  1710 | D:2      | Found a glowing golden altar of the Shining One.
  1723 | D:2      | Found a bloodstained altar of Trog.
  2192 | D:3      | Noticed an orc warrior
  2346 | D:3      | Reached skill level 5 in Necromancy
  2640 | D:3      | Reached XP level 5. HP: 5/36 MP: 5/9
  2933 | D:3      | Reached skill level 1 in Fighting
  3090 | D:4      | Reached XP level 6. HP: 44/44 MP: 10/10
  3100 | D:4      | Noticed an ogre
  3114 | D:4      | Killed an ogre
  3228 | D:4      | Noticed Xiguana's ghost (amateur HESk)
  3342 | D:5      | Entered Level 5 of the Dungeon
  3665 | D:5      | Noticed an ogre
  3676 | D:5      | Killed an ogre
  3676 | D:5      | Reached XP level 7. HP: 17/51 MP: 1/11
  4350 | D:5      | Found an opulent altar of Gozag.
  4415 | D:5      | Reached skill level 1 in Polearms
  4751 | D:5      | Found a runed door.
  4929 | D:5      | Reached skill level 2 in Polearms
  5546 | D:6      | Learned a level 3 spell: Regeneration
  5590 | D:6      | Reached skill level 3 in Polearms
  5590 | D:6      | Reached XP level 8. HP: 39/59 MP: 8/12
  5701 | D:6      | Found Xariunn's Book Emporium.
  5703 | D:6      | Noticed Pikel
  5780 | D:5      | Killed Pikel
  5780 | D:5      | Reached skill level 4 in Polearms
  6337 | D:6      | Reached skill level 5 in Polearms
  6339 | D:6      | Reached XP level 9. HP: 23/66 MP: 2/13
  6717 | D:6      | Reached skill level 5 in Dodging
  6914 | D:6      | Reached skill level 5 in Fighting
  7025 | D:6      | Noticed lorenzova's ghost (novice MiBe)
  7622 | D:7      | Reached skill level 6 in Polearms
  7726 | D:7      | Noticed a hill giant
  7802 | D:6      | HP: 2/68 [lorenzova's ghost (2)]
  7804 | D:6      | Slain by lorenzova's ghost

Skill      XL: |  1  2  3  4  5  6  7  8  9 |
---------------+----------------------------+-----
Necromancy     | 5 |  5.9
Fighting       | 1 2 3 4 5 |  5.3
Stealth        | 3 |  3.6
Dodging        | 3 4 5 |  5.3
Polearms       | 3 5 6 |  6.2
Spellcasting   | |  2.8

Action                   |  1- 3 |  4- 6 |  7- 9 || total
-------------------------+-------+-------+-------++-------
Melee: Unarmed           |     5 |       |       ||     5
       Dagger            |    74 |   129 |   318 ||   521
       Trident           |       |       |    57 ||    57
 Fire: Hunting sling     |       |    44 |       ||    44
 Cast: Pain              |    22 |    13 |    19 ||    54
       Vampiric Draining |     4 |    12 |    22 ||    38
       Animate Skeleton  |       |     2 |       ||     2
  Use: Scroll            |       |     3 |     7 ||    10
       Potion            |       |       |     6 ||     6
 Stab: Sleeping          |     2 |     4 |     3 ||     9
       Distracted        |     1 |       |       ||     1
  Eat: Chunk             |     2 |     9 |    11 ||    22
       Bread ration      |       |       |     1 ||     1
Armor: Robe              |     5 |    46 |    27 ||    78
       Skin              |       |       |    25 ||    25
       Ring mail         |       |       |    38 ||    38
Dodge: Dodged            |    58 |   136 |   238 ||   432
